Map: [ESL] Gresvan

Players

Nice - Winner!

  • Race: Protoss Protoss
  • Spawn Location: 11:00

SCV

  • Race: Protoss Protoss
  • Spawn Location: 5:00

Event: ESL SC2 Masters 2023 Summer (Regionals)

VOD

Have the link to the VOD?

Description

Time

  • Played on: May 14, 2023, 7:06 a.m.
  • Length: 23:00

All games in this series

Show
View Real Time Build Order
Export as new Build Order

Nice Protoss - Winner!

Build Orders:  

Get SALT Encoding   

  12  0:00  Probe  
  13  0:12  Probe  
  14  0:18  Pylon  
  14  0:24  Probe (Chrono Boost)  
  15  0:38  Probe (Chrono Boost)  
  15  0:39  Gateway  
  16  0:43  Probe (Chrono Boost)  
  16  0:46  Assimilator  
  17  0:53  Probe  
  17  0:55  Assimilator  
  18  1:05  Probe (Chrono Boost)  
  18  1:08  Gateway  
  19  1:15  Probe (Chrono Boost)  
  20  1:20  Probe (Chrono Boost)  
  21  1:26  Cybernetics Core  
  21  1:32  Probe  
  22  1:36  Pylon  
  22  1:44  Probe  
  23  1:56  Probe  
  23  2:00  Warp Gate (Chrono Boost)  
  24  2:02  Stalker x2  
  28  2:12  Pylon  
  28  2:15  Pylon  
  28  2:32  Stalker  
  28  2:33  Stalker  
  32  2:41  Shield Battery  
  32  2:48  Pylon  
  32  3:01  Pylon  
  32  3:05  Stalker x2  
  35  3:23  Nexus  
  35  3:26  Probe (Chrono Boost)  
  36  3:35  Pylon  
  36  3:37  Probe (Chrono Boost)  
  37  3:42  Probe (Chrono Boost)  
  37  3:47  Robotics Facility  
  38  3:52  Probe  
  39  4:03  Sentry x2  
  39  4:04  Probe  
  44  4:10  Twilight Council  
  44  4:16  Probe  
  45  4:20  Shield Battery  
  45  4:29  Probe  
  46  4:35  Observer (Chrono Boost)  
  46  4:37  Probe  
  48  4:42  Blink (Chrono Boost)  
  48  4:45  Stalker x2  
  50  4:47  Probe  
  53  4:53  Probe, Stalker x2  
  53  4:59  Probe  
  55  5:05  Probe  
  56  5:11  Probe, Stalker x2  
  61  5:17  Probe  
  61  5:18  Pylon  
  62  5:32  Assimilator  
  62  5:34  Pylon  
  62  5:36  Probe, Observer  
  62  5:37  Probe  
  62  5:40  Stalker  
  62  5:41  Stalker  
  68  5:49  Probe x2  
  70  5:57  Pylon  
  70  5:59  Nexus, Observer  
  70  6:01  Probe  
  72  6:05  Dark Shrine  
  72  6:06  Probe  
  73  6:13  Probe  
  73  6:17  Adept x2  
  78  6:21  Probe  
  78  6:25  Probe, Forge  
  80  6:26  Charge  
  80  6:35  Probe  
  80  6:37  Probe  
  80  6:47  Stalker x2  
  80  6:50  Probe x2  
  80  6:51  Shield Battery  
  80  6:53  Observer  
  86  6:59  Pylon, Protoss Ground Weapons Level 1 (Chrono Boost)  
  82  7:02  Probe, Gateway  
  82  7:04  Probe  
  82  7:05  Gateway  
  84  7:12  Probe  
  84  7:14  Probe  
  86  7:17  Dark Templar  
  86  7:18  Dark Templar  
  86  7:21  Observer  
  90  7:23  Probe  
  90  7:24  Probe  
  92  7:30  Probe  
  92  7:33  Assimilator  
  92  7:34  Pylon  
  92  7:35  Probe  
  84  7:50  Stalker  
  84  7:51  Stalker  
  84  7:53  Probe x3  
  84  8:05  Probe x3  
  86  8:11  Zealot x2  
  87  8:13  Immortal (Chrono Boost)  
  87  8:17  Probe x2  
  90  8:21  Photon Cannon  
  90  8:23  Gateway  
  90  8:25  Gateway  
  90  8:26  Stalker x2  
  93  8:32  Observer  
  93  8:36  Gateway, Stalker  
  93  8:37  Stalker  
  93  8:40  Gateway  
  97  8:46  Photon Cannon  
  97  8:49  Observer (Chrono Boost)  
  97  8:50  Pylon  
  98  8:57  Nexus  
  98  9:06  Stalker x2  
  98  9:07  Protoss Ground Weapons Level 2 (Chrono Boost), Stalker x2  
  106  9:11  Probe x3, Observer  
  106  9:12  Pylon  
  109  9:22  Shield Battery  
  109  9:23  Probe  
  109  9:24  Shield Battery  
  110  9:26  Photon Cannon  
  110  9:30  Observer  
  111  9:31  Probe  
  111  9:35  Probe x2  
  111  9:37  Photon Cannon  
  114  9:38  Shield Battery  
  114  9:39  Sentry x3  
  114  9:43  Probe  
  120  9:47  Probe  
  120  9:49  Stalker x2  
  125  9:53  Probe  
  125  9:56  Forge  
  125  9:58  Pylon  
  126  10:00  Pylon  
  126  10:01  Probe, Pylon  
  126  10:04  Probe  
  126  10:05  Observer  
  126  10:06  Probe  
  130  10:11  Probe  
  130  10:13  Probe, Assimilator  
  132  10:15  Assimilator  
  132  10:20  Stalker x3  
  138  10:33  Pylon, Photon Cannon  
  138  10:36  Shield Battery  
  138  10:37  Pylon  
  138  10:41  Stalker x4  
  146  10:44  Stalker  
  146  10:46  Stalker  
  150  10:50  Stalker x2  
  153  10:57  Shield Battery  
  153  10:59  Shield Battery  
  153  11:01  Shield Battery  
  145  11:12  Zealot x6  
  145  11:13  Zealot x2  
  137  11:19  Immortal (Chrono Boost)  
  123  11:32  Stalker x2  
  117  11:33  Stalker x4  
  117  11:39  Stalker x2  
  127  11:47  Protoss Ground Weapons Level 3 (Chrono Boost)  
  121  11:49  Protoss Ground Armor Level 1 (Chrono Boost)  
  125  12:02  Stalker x5  
  125  12:03  Stalker  
  125  12:04  Stalker x2  
  137  12:08  Shield Battery  
  137  12:10  Pylon  
  137  12:11  Observer (Chrono Boost)  
  138  12:23  Pylon  
  138  12:28  Stalker x3  
  138  12:29  Stalker x3  
  148  12:35  Stalker x2  
  135  12:49  Observer  
  125  12:52  Zealot x6  
  121  13:13  Nexus  
  121  13:14  Pylon  
  121  13:15  Nexus  
  121  13:24  Sentry x3  
  127  13:30  Stalker x2  
  127  13:31  Stalker x2  
  135  13:35  Probe x2  
  135  13:36  Shield Battery  
  135  13:37  Probe  
  138  13:43  Observer  
  138  13:46  Protoss Ground Armor Level 2 (Chrono Boost)  
  138  13:47  Probe  
  139  13:51  Probe  
  139  13:52  Probe  
  142  13:57  Photon Cannon  
  142  13:58  Pylon  
  142  13:59  Probe  
  142  14:00  Phoenix, Shield Battery  
  142  14:02  Stalker x2  
  147  14:06  Stalker  
  149  14:10  Shield Battery  
  149  14:12  Stalker, Shield Battery  
  149  14:14  Probe  
  152  14:20  Probe  
  152  14:21  Probe  
  154  14:24  Protoss Shields Level 1 (Chrono Boost)  
  152  14:32  Photon Cannon, Assimilator  
  152  14:34  Pylon  
  152  14:42  Stalker  
  152  14:43  Stalker x3  
  160  14:48  Pylon, Stalker  
  162  14:58  Stalker x3  
  168  15:02  Gateway x2  
  168  15:05  Gateway  
  168  15:08  Pylon  
  169  15:14  Observer  
  169  15:16  Robotics Bay  
  169  15:22  Gateway  
  169  15:24  Gateway  
  169  15:26  Stalker x2  
  173  15:31  Robotics Facility  
  173  15:33  Nexus  
  173  15:35  Pylon, Stalker x2  
  177  15:39  Shadow Stride  
  177  15:42  Protoss Ground Armor Level 3 (Chrono Boost)  
  177  15:45  Photon Cannon  
  177  15:48  Photon Cannon  
  177  15:49  Pylon  
  177  15:59  Stalker x4  
  183  16:10  Stalker x3  
  183  16:11  Stalker  
  191  16:15  Observer, Gravitic Boosters (Chrono Boost), Photon Cannon  
  191  16:16  Disruptor (Chrono Boost), Shield Battery  
  178  16:32  Zealot x5  
  191  16:42  Disruptor (Chrono Boost)  
  191  16:45  Photon Cannon  
  191  16:46  Photon Cannon  
  191  16:48  Pylon  
  191  16:49  Disruptor (Chrono Boost)  
  184  17:08  Disruptor (Chrono Boost), Zealot x7  
  166  17:12  Disruptor (Chrono Boost)  
  172  17:31  Zealot x9  
  172  17:33  Disruptor  
  172  17:36  Disruptor  
  190  17:44  Protoss Shields Level 2 (Chrono Boost)  
  195  18:11  Disruptor (Chrono Boost)  
  182  18:13  Pylon  
  176  18:21  Disruptor (Chrono Boost)  
  176  18:24  Robotics Facility, Stalker x3  
  176  18:25  Zealot x7, Robotics Facility  
  178  18:39  Disruptor (Chrono Boost)  
  163  18:46  Zealot x6  
  163  18:47  Zealot x2, Stalker x2  
  185  18:51  Assimilator  
  185  18:52  Assimilator  
  185  18:55  Robotics Bay  
  185  18:57  Nexus  
  185  19:00  Nexus, Pylon  
  188  19:07  Zealot x6  
  188  19:08  Disruptor (Chrono Boost)  
  195  19:20  Zealot x4  
  162  19:25  Disruptor (Chrono Boost)  
  146  19:32  Zealot x6  
  146  19:35  Disruptor (Chrono Boost)  
  148  19:38  Observer  
  148  19:39  Disruptor (Chrono Boost)  
  148  19:43  Probe (Chrono Boost), Assimilator  
  146  19:52  Nexus, Observer (Chrono Boost)  
  147  19:55  Pylon  
  147  19:57  Pylon, Photon Cannon  
  147  19:59  Photon Cannon  
  147  20:00  Photon Cannon  
  147  20:01  Probe (Chrono Boost), Photon Cannon  
  147  20:02  Probe (Chrono Boost), Shield Battery  
  147  20:03  Probe x4 (Chrono Boost), Photon Cannon  
  147  20:04  Shield Battery  
  147  20:05  Disruptor (Chrono Boost), Observer (Chrono Boost)  
  147  20:06  Pylon  
  157  20:11  Probe, Stalker x3  
  164  20:19  Probe x5  
  164  20:20  Disruptor  
  172  20:32  Stalker x2  
  172  20:33  Zealot x5, Stalker  
  173  20:46  Photon Cannon  
  173  20:47  Shield Battery  
  173  20:49  Disruptor (Chrono Boost)  
  173  20:51  Shield Battery  
  173  20:54  Photon Cannon  
  173  20:55  Shield Battery  
  173  20:56  Photon Cannon  
  174  20:58  Pylon  
  174  21:00  Probe, Gateway  
  174  21:01  Probe x4  
  174  21:02  Probe  
  176  21:13  Probe  
  175  21:24  Stalker x3  
  175  21:25  Stalker x3  
  187  21:31  Nexus  
  187  21:32  Pylon  
  183  21:40  Disruptor x2  
  183  21:44  Photon Cannon  
  183  21:45  Pylon, Shield Battery  
  189  21:48  Photon Cannon  
  189  21:52  Disruptor  
  186  22:09  Zealot x7  
  186  22:14  Assimilator  
  197  22:16  Assimilator  
  197  22:21  Disruptor  
  200  22:26  Pylon  
  200  22:27  Nexus  
  199  22:31  Observer  
Show
View Real Time Build Order
Export as new Build Order

SCV Protoss 

Build Orders: Blink Stalkers 

Get SALT Encoding   

  12  0:00  Probe  
  13  0:12  Probe  
  14  0:16  Pylon  
  14  0:24  Probe (Chrono Boost)  
  16  0:36  Probe (Chrono Boost)  
  16  0:39  Gateway  
  16  0:43  Probe (Chrono Boost)  
  16  0:45  Assimilator  
  17  0:51  Probe  
  17  0:54  Assimilator  
  18  1:03  Probe (Chrono Boost)  
  19  1:08  Gateway  
  19  1:14  Probe (Chrono Boost)  
  20  1:19  Probe (Chrono Boost)  
  21  1:26  Cybernetics Core  
  21  1:29  Probe  
  22  1:35  Pylon  
  22  1:41  Probe  
  23  1:53  Probe  
  24  2:00  Warp Gate (Chrono Boost)  
  24  2:03  Adept x2  
  24  2:07  Pylon  
  28  2:33  Stalker x2  
  32  2:44  Twilight Council  
  32  3:03  Stalker x2  
  34  3:16  Probe, Blink (Chrono Boost)  
  35  3:22  Pylon  
  35  3:29  Probe  
  37  3:42  Nexus  
  34  3:50  Stalker  
  34  3:51  Stalker  
  38  4:03  Gateway  
  38  4:15  Stalker x2  
  42  4:18  Probe  
  43  4:29  Robotics Facility  
  43  4:31  Probe  
  44  4:37  Pylon  
  44  4:43  Probe  
  45  4:55  Stalker x2  
  45  4:58  Probe (Chrono Boost)  
  45  4:59  Probe (Chrono Boost)  
  51  5:10  Probe (Chrono Boost)  
  51  5:13  Probe (Chrono Boost)  
  53  5:15  Probe (Chrono Boost)  
  53  5:16  Observer  
  53  5:20  Probe  
  56  5:23  Dark Shrine  
  56  5:24  Probe (Chrono Boost)  
  58  5:36  Probe (Chrono Boost)  
  58  5:37  Probe (Chrono Boost), Stalker x2  
  58  5:41  Stalker  
  65  5:45  Probe (Chrono Boost)  
  65  5:47  Probe (Chrono Boost)  
  67  5:50  Pylon  
  67  5:51  Probe  
  67  5:57  Probe  
  69  5:59  Assimilator  
  69  6:03  Probe  
  70  6:09  Probe  
  70  6:10  Pylon  
  71  6:13  Nexus  
  71  6:20  Probe  
  71  6:21  Probe  
  73  6:28  Shield Battery  
  74  6:32  Probe  
  74  6:35  Dark Templar x2  
  78  6:42  Stalker  
  80  6:48  Probe x2  
  79  7:00  Probe  
  78  7:04  Probe  
  78  7:07  Gateway  
  78  7:08  Charge  
  79  7:10  Stalker x3  
  79  7:12  Probe  
  79  7:13  Forge  
  86  7:16  Pylon  
  86  7:25  Probe (Chrono Boost), Observer (Chrono Boost)  
  90  7:31  Probe x2 (Chrono Boost)  
  90  7:33  Stalker  
  90  7:34  Probe (Chrono Boost)  
  90  7:35  Stalker  
  95  7:38  Probe x2 (Chrono Boost)  
  95  7:39  Probe (Chrono Boost), Stalker  
  94  7:48  Protoss Ground Weapons Level 1 (Chrono Boost)  
  96  7:52  Probe (Chrono Boost)  
  96  7:55  Probe x2 (Chrono Boost), Pylon  
  97  8:02  Gateway, Stalker  
  97  8:03  Probe x2 (Chrono Boost)  
  97  8:05  Gateway  
  95  8:18  Stalker x3  
  94  8:20  Shield Battery  
  94  8:25  Gateway  
  94  8:27  Immortal (Chrono Boost)  
  94  8:29  Gateway  
  94  8:30  Pylon  
  94  8:33  Photon Cannon  
  98  8:37  Photon Cannon  
  98  8:41  Photon Cannon  
  98  8:48  Sentry  
  98  8:49  Observer  
  98  8:53  Zealot x3  
  106  8:59  Observer (Chrono Boost)  
  106  9:05  Pylon  
  106  9:06  Zealot x2  
  110  9:17  Zealot x3  
  110  9:22  Nexus  
  110  9:23  Pylon  
  116  9:24  Pylon  
  116  9:25  Immortal (Chrono Boost)  
  116  9:26  Pylon  
  120  9:34  Pylon, Protoss Ground Weapons Level 2 (Chrono Boost)  
  120  9:36  Templar Archives  
  120  9:48  Zealot x3, Assimilator  
  126  9:53  Zealot x2  
  126  9:55  Warp Prism (Chrono Boost)  
  132  10:06  Gateway x2  
  132  10:14  High Templar x2  
  134  10:16  Pylon  
  134  10:18  Zealot x2  
  134  10:19  Archon  
  140  10:23  Probe x3, Pylon  
  140  10:27  Zealot x2  
  147  10:33  Pylon  
  147  10:34  Observer  
  148  10:35  Pylon  
  148  10:44  Probe x3  
  148  10:46  Photon Cannon  
  148  10:48  High Templar x2  
  155  10:50  Zealot  
  155  10:51  Zealot x2  
  155  10:52  Archon  
  155  10:55  Zealot x3  
  167  11:03  Zealot x2  
  151  11:14  Zealot x3  
  151  11:17  Zealot x3  
  116  11:27  Zealot x4  
  108  11:35  Zealot x3  
  112  11:40  Zealot x3  
  110  11:48  High Templar  
  110  11:49  High Templar x3  
  110  11:52  Archon x2  
  116  11:56  Protoss Ground Weapons Level 3 (Chrono Boost), Stalker x3  
  116  12:01  Zealot x3  
  116  12:04  Probe x3  
  116  12:05  Probe, Shield Battery  
  126  12:16  Probe x3  
  126  12:19  Zealot x3  
  126  12:22  Zealot x4  
  143  12:28  Zealot x2  
  145  12:31  Zealot  
  137  12:40  Zealot x3  
  137  12:42  Immortal (Chrono Boost)  
  107  12:54  Stalker x5  
  103  13:01  Dark Templar  
  93  13:07  Zealot x4  
  93  13:10  Assimilator  
  101  13:13  Immortal (Chrono Boost), Shield Battery  
  101  13:18  Zealot x4  
  113  13:21  Stalker  
  111  13:34  Zealot x5  
  111  13:35  Assimilator  
  121  13:41  Stalker  
  121  13:43  Immortal (Chrono Boost)  
  121  13:45  Stalker x2  
  131  13:58  Robotics Bay  
  131  14:02  Pylon  
  131  14:03  Stalker x3  
  131  14:06  Zealot  
  137  14:12  Protoss Ground Armor Level 1 (Chrono Boost), Robotics Facility  
  137  14:16  Assimilator  
  137  14:20  Zealot x2  
  140  14:31  Pylon  
  138  14:38  Stalker  
  138  14:39  Stalker x7  
  154  14:50  Disruptor (Chrono Boost)  
  154  14:52  Nexus  
  157  14:55  Shield Battery  
  157  14:58  Photon Cannon  
  157  15:04  Disruptor (Chrono Boost)  
  157  15:05  Sentry  
  158  15:18  Disruptor (Chrono Boost)  
  158  15:21  Photon Cannon  
  161  15:22  Stalker x3  
  161  15:26  Pylon  
  161  15:27  Disruptor (Chrono Boost)  
  167  15:35  Gravitic Boosters  
  170  15:39  Photon Cannon  
  170  15:44  Probe x4, Protoss Ground Armor Level 2 (Chrono Boost)  
  172  15:53  Dark Shrine  
  172  16:01  Observer  
  175  16:05  Assimilator  
  175  16:09  Disruptor  
  176  16:11  Zealot x5  
  176  16:17  Photon Cannon  
  186  16:19  Assimilator  
  176  16:30  Disruptor  
  179  16:35  Photon Cannon  
  179  16:37  Pylon  
  179  16:39  Stalker x4  
  187  16:40  Photon Cannon, Stalker  
  187  16:55  Nexus  
  176  17:01  Disruptor (Chrono Boost)  
  164  17:12  Shadow Stride (Chrono Boost)  
  165  17:17  Stalker x8  
  165  17:18  Zealot x2  
  165  17:21  Observer (Chrono Boost)  
  185  17:28  Observer  
  182  17:37  Disruptor  
  182  17:41  Protoss Ground Armor Level 3 (Chrono Boost)  
  185  17:44  Pylon  
  185  17:48  Zealot x7  
  176  18:12  Zealot x10  
  159  18:44  Stalker x10  
  159  18:47  Probe x3  
  177  18:52  Probe x2  
  179  18:59  Probe  
  179  19:00  Probe  
  179  19:01  Probe  
  182  19:04  Probe  
  182  19:09  Probe  
  184  19:11  Probe  
  104  19:38  Stalker  
  104  19:39  Stalker x8  
  112  19:50  Probe x3  
  112  19:51  Photon Cannon  
  111  19:54  Dark Templar  
  113  20:02  Dark Templar x4  
  113  20:04  Stalker x3  
  127  20:09  Stalker x2  
  131  20:20  Assimilator  
  130  20:32  Stalker  
  130  20:33  Stalker x5  
  138  20:56  Stalker x8  
  146  21:00  Stalker  
  144  21:17  Probe  
  144  21:18  Probe x2  
  143  21:19  Assimilator  
  135  21:41  Stalker x6  
  135  21:42  Zealot x4  
  152  21:57  Observer x2  
  140  22:08  Zealot x10  
  160  22:30  Stalker x4  
  160  22:31  Stalker x2  
  160  22:33  Zealot  
Tags
 
Add a new tag
Caveats
  • Supply blocks, unpowered buildings, or Contaminate may cause inaccurate times.
  • Supply counts are checked every 10 seconds.